 Dungeon Sprint DCSS version 0.22.1-1-ga44c0e56f4 (webtiles) character file.

64 MuseOD the Skirmisher (level 4, -1/42 HPs)
             Began as a Hill Orc Fighter on Oct 4, 2018.
             Slain by a water elemental (6 damage)
             ... in the Dungeon (Sprint III: "The Ten Rune Challenge").
             The game lasted 00:00:37 (499 turns).

MuseOD the Skirmisher (Hill Orc Fighter)             Turns: 499, Time: 00:00:38

Health: -1/42      AC:  7    Str: 18    XL:     4   Next: 12%
Magic:  4/4        EV:  8    Int:  8    God:
Gold:   8          SH:  9    Dex: 11    Spells: 3/3 levels left

rFire    . . .     SeeInvis .   a - +0 war axe
rCold    . . .     Gourm    .   c - +0 shield
rNeg     . . .     Faith    .   b - +0 scale mail
rPois    .         Spirit   .   (no helmet)
rElec    .         Reflect  .   (no cloak)
rCorr    .         Harm     .   (no gloves)
MR       .....     NoTele   +   (no boots)
Stlth    ..........             (no amulet)
HPRegen  0.14/turn              (no ring)
MPRegen  0.09/turn              (no ring)

@: no status effects
A: no striking features
a: no special abilities


You were in the Dungeon.
You were not hungry.

You visited 1 branch You collected 8 gold pieces.

Inventory:

Hand Weapons
 a - a +0 war axe (weapon)
Armour
 b - a +0 scale mail (worn)
 c - a +0 shield (worn)
Scrolls
 k - a scroll of blinking
Potions
 d - a potion of might
 e - a potion of curing
 g - a potion of heal wounds
 h - a potion of haste
 i - 2 potions of magic
 j - a potion of berserk rage
Comestibles
 f - 2 rations


   Skills:
 + Level 5.4 Fighting
 + Level 5.1 Axes
 + Level 4.9 Armour
 + Level 2.5 Dodging
 + Level 5.0 Shields


You had 3 spell levels left.
You didn't know any spells.
Your spell library was empty.

Dungeon Overview and Level Annotations

Branches:
Dungeon (1/1)

Altars:


Message History

The water elemental engulfs you in water!
You slip free of the water engulfing you.
You gasp with relief as air once again reaches your lungs.
You hit the water elemental but do no damage.
The water elemental is severely damaged.
The water elemental hits you.
* * * LOW HITPOINT WARNING * * *
The water elemental engulfs you in water!
The water elemental closely misses you.
You slip free of the water engulfing you.
You gasp with relief as air once again reaches your lungs.
The water elemental hits you.
There is a staircase leading out of the dungeon here.
You completely miss the water elemental.
The water elemental is severely damaged.
You block the water elemental's attack.
You hit the water elemental.
The water elemental is almost destroyed.
The water elemental hits you.
You die...

▓▓▓▓ ▓▓ ▓@.# ♣.
▓.E# ... ♣.
▓#'####....♣. ♣♣.
▓.....#....≈. ♣♣..
▓.....#...≈≈.♣.♣..
▓.....#..≈≈≈≈.♣.♣.
▓####'#..≈≈≈≈≈≈♣♣.
▓...[.#.≈≈≈≈≈≈....
▓.....#.≈≈≈≈≈.....


You could see a water elemental.

Vanquished Creatures
  Jessica (D)
  A human (D)
  A wolf (D)
  An ooze (D)
  2 rats (D)
6 creatures vanquished.

Vanquished Creatures (others)
  2 draconian scorchers (D)
  A yaktaur (D)
  6 hellions (D)
  2 plants (D)
11 creatures vanquished.

Grand Total: 17 creatures vanquished

Notes
Turn   | Place    | Note
-------+----------+-------------------------------------------
     0 | D        | MuseOD the Hill Orc Fighter began the quest for the Orb.
     0 | D        | Reached XP level 1. HP: 19/19 MP: 1/1
     8 | D        | Reached skill level 1 in Dodging
    54 | D        | Noticed Jessica
    65 | D        | Killed Jessica
    65 | D        | Reached XP level 2. HP: 15/28 MP: 2/2
    65 | D        | Reached XP level 3. HP: 19/35 MP: 3/3
    79 | D        | Killed a yaktaur
    99 | D        | Killed a hellion
   102 | D        | Killed a hellion
   113 | D        | Killed a hellion
   138 | D        | Killed a hellion
   151 | D        | Killed a hellion
   232 | D        | Reached skill level 5 in Fighting
   239 | D        | Reached skill level 5 in Axes
   239 | D        | Reached skill level 5 in Shields
   239 | D        | Reached XP level 4. HP: 13/42 MP: 4/4
   241 | D        | Killed a white draconian scorcher
   268 | D        | Killed a white draconian scorcher
   462 | D        | Noticed a water elemental
   465 | D        | Killed a hellion
   499 | D        | Slain by a water elemental

Skill      XL: |  1  2  3 |
---------------+----------+-----
Fighting       | 4 5 |  5.4
Axes           | 4 5 |  5.1
Dodging        | 2 |  2.5
Armour         | 4 |  4.9
Shields        | 4 5 |  5.0

Action                   |  1- 3 |  4- 6 || total
-------------------------+-------+-------++-------
Melee: War axe           |    31 |     8 ||    39
Armor: Scale mail        |    13 |     3 ||    16
Dodge: Dodged            |     9 |     1 ||    10
Block: Shield            |    15 |     4 ||    19
